 Dungeon Crawl Stone Soup version 0.23.2-33-g5129a83184 (webtiles) character file.

Game seed: 10215577149732877680

6933 Deadponey the Thaumaturge (level 10, -1/50 HPs)
             Began as a Deep Elf Conjurer on July 25, 2019.
             Was a Follower of Vehumet.
             Killed by divine providence
             ... invoked by an orc priest
              (15 damage)
             ... on level 9 of the Dungeon.
             The game lasted 01:11:15 (12791 turns).

Deadponey the Thaumaturge (Deep Elf Conjurer)      Turns: 12791, Time: 01:11:16

Health: -1/50      AC: 10    Str:  5    XL:     10   Next: 80%
Magic:  23/30      EV: 15    Int: 24    God:    Vehumet [*.....]
Gold:   357        SH:  0    Dex: 15    Spells: 17/37 levels left

rFire    + + .     SeeInvis .   a - +7 short sword "Deadeis" {pierce, +Inv}
rCold    . . .     Gourm    .   (no shield)
rNeg     . . .     Faith    .   D - +1 robe of the Crown {rF++}
rPois    +         Spirit   .   (no helmet)
rElec    .         Reflect  .   x - +0 cloak
rCorr    .         Harm     .   n - +0 pair of gloves
MR       +....                  i - +2 pair of boots
Stlth    +++.......             (no amulet)
HPRegen  0.16/turn              g - +2 ring of protection
MPRegen  0.22/turn              F - ring of poison resistance

@: no status effects
A: no striking features
a: Renounce Religion, Evoke Invisibility


You were on level 9 of the Dungeon.
You worshipped Vehumet.
Vehumet was aware of your devotion.
You were not hungry.

You visited 3 branches of the dungeon, and saw 11 of its levels.

You collected 568 gold pieces.
You spent 211 gold pieces at shops.

Inventory:

Hand Weapons
 a - the +7 short sword "Deadeis" (weapon) {pierce, +Inv}
   (You found it on level 6 of the Dungeon)

   It inflicts extra damage upon your enemies.
   It lets you turn invisible.
 b - a +0 shortbow
 r - the +6 dagger of Freehold {flame, +Fly}
   (You found it on level 5 of the Dungeon)

   It has been specially enchanted to burn those struck by it, causing extra
   injury to most foes and up to half again as much damage against particularly
   susceptible opponents.
   It lets you fly.
Missiles
 h - 170 arrows
Armour
 d - a +0 robe
 i - a +2 pair of boots (worn)
 n - a +0 pair of gloves (worn)
 x - a +0 cloak (worn)
 D - the +1 robe of the Crown (worn) {rF++}
   (You bought it in a shop on level 8 of the Dungeon)

   It greatly protects you from fire.
Jewellery
 g - a +2 ring of protection (left hand)
 q - an uncursed ring of positive energy
 B - an uncursed ring of flight
 F - a ring of poison resistance (right hand)
Wands
 k - a wand of digging (3)
 v - a wand of paralysis (2)
 y - a wand of flame (16)
 A - a wand of enslavement (7)
 C - a wand of iceblast (15)
Scrolls
 j - 2 scrolls of enchant armour
 l - 4 scrolls of remove curse
 m - a scroll of blinking
 s - 3 scrolls of fear
 t - 2 scrolls of immolation
 z - 2 scrolls of amnesia
 G - 2 scrolls of enchant weapon
 I - 3 scrolls of identify
 K - a scroll of magic mapping {unknown}
 L - a scroll of vulnerability {unknown}
Potions
 e - a potion of magic
 f - a potion of flight
 o - a potion of curing
 p - 7 potions of heal wounds
 u - 2 potions of might
 w - a potion of cancellation {unknown}
 E - a potion of mutation {unknown}
 H - a potion of brilliance
Comestibles
 c - 15 rations


   Skills:
 - Level 5.0 Dodging
 - Level 5.1 Stealth
 + Level 14.1 Spellcasting
 + Level 12.4 Conjurations
 - Level 2.1 Hexes
 - Level 1.1 Translocations
 * Level 1.1 Fire Magic
 * Level 0.2 Ice Magic
 - Level 0.2 Evocations


You had 17 spell levels left.
You knew the following spells:

 Your Spells              Type           Power        Failure   Level  Hunger
a - Magic Dart            Conj           ####         1%          1    None
b - Searing Ray           Conj           ######       1%          2    None
c - Iskenderun's Mystic   Conj           ######..     1%          4    None
d - Dazzling Spray        Conj/Hex       ######       1%          3    None
e - Fulminant Prism       Conj/Hex       ######....   1%          4    None
f - Force Lance           Conj/Tloc      #####...     2%          4    None
g - Flame Tongue          Conj/Fire      #####        1%          1    None
h - Freeze                Ice            ###.         3%          1    None

Your spell library contained the following spells:

 Spells                   Type           Power        Failure   Level  Hunger


Dungeon Overview and Level Annotations

Branches:
Dungeon (9/15)             Temple (1/1) D:7             Orc (1/2) D:9
   Lair: D:8-11

Altars:
Ashenzari
Cheibriados
Dithmenos
Elyvilon
Fedhas
Gozag
Hepliaklqana
Kikubaaqudgha
Makhleb
Nemelex Xobeh
Okawaru
Qazlal
Ru
Sif Muna
Trog
Uskayaw
Vehumet
Wu Jian
Xom
Yredelemnul
Zin
The Shining One

Shops:
D:4 ?   D:8 [


Message History

Aim: an orc wizard, wielding a +0 dagger and wearing a +0 robe (lightly wounded)
The orb of energy hits the orc wizard!!
You kill the orc wizard!
Vehumet accepts your kill.
You feel your power returning.
An orc comes into view.
It is wielding a staff of summoning and carrying a wand of enslavement (9).
The orc priest casts a cantrip, but nothing happens.
The orc priest mumbles some strange prayers to Beogh against you.
Beogh smites you!
The orc priest mumbles some strange prayers to Beogh against you.
Pain shoots through your body!
An orc priest comes into view. It is wielding a +0 club.
The orc priest begins to cast a cantrip, but forgets the words!
The orc priest calls down the wrath of Beogh upon you.
Beogh smites you!
* * * LOW HITPOINT WARNING * * *
You hear a shout!
The orc priest mumbles some strange prayers to Beogh against you.
Beogh smites you!
You die...

#..# ##.# #.# #.# #.#
#.######################
#.......................
######.###..............
#..@##..######.....#
#.......######...###
##..##...##.....####
#.........#.........
##..#####Yo...##....
#....# ##o.........
##..## ##...###..# ####
#....##.... ##........Y


You could see an ice beast, an orc priest and an orc.

Vanquished Creatures
  A two-headed ogre (D:9)
  Maurice (D:9)
  A troll (D:9)
  A hornet (D:8)
  2 hippogriffs (D:9)
  Sigmund (D:6)
  4 yaks (D:9)
  A steam dragon (D:9)
  A sky beast (D:7)
  3 orc warriors
  A hornet zombie (D:6)
  An ice beast (D:6)
  6 phantoms
  4 ogres
  A necrophage (D:9)
  4 centaurs
  Blork the orc (D:4)
  4 bullfrogs
  A wyvern skeleton (D:6)
  2 scorpions
  4 killer bees
  2 howler monkeys
  4 electric eels
  9 crimson imps
  A centaur zombie (D:9)
  5 hounds
  13 orc wizards
  Crazy Yiuf (D:3)
  3 orc priests
  2 bullfrog skeletons
  A jelly (D:8)
  Jessica (D:2)
  Natasha (twice) (D:2)
  An iguana (D:6)
  5 worker ants
  A killer bee zombie (D:6)
  A hound zombie (D:7)
  A hound skeleton (D:8)
  A worker ant zombie (D:5)
  7 gnolls
  18 adders
  A shadow imp (D:6)
  An ooze (D:5)
  3 adder skeletons
  3 worms
  2 dart slugs (D:2)
  7 leopard geckos
  26 orcs
  2 giant cockroaches
  6 goblins
  9 hobgoblins
  7 jackals
  5 quokkas
  2 ball pythons (D:5)
  6 bats
  6 frilled lizards
  6 kobolds
  2 quokka zombies
  9 rats
  A fulminant prism (D:5)
228 creatures vanquished.

Vanquished Creatures (others)
  9 fulminant prisms
  2 plants (D:9)
11 creatures vanquished.

Grand Total: 239 creatures vanquished

Notes
Turn   | Place    | Note
-------+----------+-------------------------------------------
     0 | D:1      | Deadponey the Deep Elf Conjurer began the quest for the
                  | Orb.
     0 | D:1      | Reached XP level 1. HP: 10/10 MP: 6/6
   157 | D:1      | Found a shattered altar of Ashenzari.
   402 | D:1      | Reached XP level 2. HP: 15/15 MP: 2/8
   581 | D:1      | Learned a level 2 spell: Searing Ray
   897 | D:1      | Reached skill level 5 in Conjurations
  1132 | D:2      | Reached XP level 3. HP: 19/19 MP: 4/9
  1310 | D:2      | Noticed Natasha
  1528 | D:2      | Reached XP level 4. HP: 24/24 MP: 6/11
  1683 | D:2      | Noticed Jessica
  1707 | D:2      | Killed Jessica
  1826 | D:2      | Learned a level 4 spell: Iskenderun's Mystic Blast
  1833 | D:2      | Killed Natasha
  1833 | D:2      | Reached skill level 4 in Spellcasting
  1833 | D:2      | Reached XP level 5. HP: 28/28 MP: 5/13
  2063 | D:2      | Noticed Natasha
  2067 | D:2      | Killed Natasha
  2220 | D:3      | Found a burning altar of Makhleb.
  2535 | D:3      | Found a sparkling altar of Nemelex Xobeh.
  2638 | D:3      | Found a runed translucent door.
  2639 | D:3      | Noticed Crazy Yiuf
  2670 | D:3      | Reached skill level 5 in Spellcasting
  2801 | D:3      | Reached XP level 6. HP: 27/32 MP: 12/15
  2806 | D:3      | Learned a level 3 spell: Dazzling Spray
  3178 | D:4      | Found a sacrificial altar of Ru.
  3179 | D:4      | Found a hazy altar of Hepliaklqana.
  3179 | D:4      | Found a deep blue altar of Sif Muna.
  3183 | D:4      | Found a shimmering altar of Xom.
  3183 | D:4      | Found a white marble altar of Elyvilon.
  3184 | D:4      | Found a stormy altar of Qazlal.
  3606 | D:4      | Noticed Blork the orc
  3662 | D:4      | Reached skill level 6 in Spellcasting
  3692 | D:4      | Learned a level 4 spell: Fulminant Prism
  3708 | D:4      | Killed Blork the orc
  3708 | D:4      | Reached XP level 7. HP: 29/36 MP: 0/18
  4053 | D:4      | Found Ostrehiaw's Magic Scroll Shop.
  4058 | D:4      | Bought a scroll of blinking for 75 gold pieces
  4337 | D:5      | Entered Level 5 of the Dungeon
  4648 | D:5      | Reached skill level 5 in Stealth
  4648 | D:5      | Reached skill level 7 in Spellcasting
  5305 | D:5      | Learned a level 4 spell: Force Lance
  5312 | D:5      | Found an ancient bone altar of Kikubaaqudgha.
  5352 | D:5      | Reached skill level 8 in Spellcasting
  5352 | D:5      | Reached XP level 8. HP: 35/41 MP: 7/22
  5550 | D:5      | Reached skill level 1 in Hexes
  5953 | D:5      | Got a twisted dagger
  5954 | D:5      | Identified the +6 dagger of Freehold {flame, +Fly} (You
                  | found it on level 5 of the Dungeon)
  6392 | D:6      | Noticed Sigmund
  6601 | D:3      | Killed Crazy Yiuf
  6711 | D:6      | Reached skill level 9 in Spellcasting
  6964 | D:6      | Got a steaming short sword
  6965 | D:6      | Identified the +7 short sword "Deadeis" {pierce, +Inv} (You
                  | found it on level 6 of the Dungeon)
  7350 | D:6      | Reached skill level 10 in Spellcasting
  7480 | D:6      | Found a glowing golden altar of the Shining One.
  7480 | D:6      | Found a hide-covered altar of Uskayaw.
  7605 | D:6      | Found a transporter.
  7621 | D:6      | Killed Sigmund
  7621 | D:6      | Reached XP level 9. HP: 45/45 MP: 13/25
  7822 | D:6      | Reached skill level 10 in Conjurations
  8014 | D:6      | Found a transporter.
  8618 | D:7      | Reached skill level 11 in Spellcasting
  9029 | D:7      | Found a staircase to the Ecumenical Temple.
  9042 | Temple   | Entered the Ecumenical Temple
  9096 | Temple   | Became a worshipper of Vehumet
  9632 | D:7      | Found an iron altar of Okawaru.
 10299 | D:8      | Reached skill level 5 in Dodging
 10363 | D:8      | Reached skill level 12 in Spellcasting
 10368 | D:8      | Reached * piety under Vehumet
 10368 | D:8      | Offered knowledge of Flame Tongue by Vehumet.
 10371 | D:8      | Learned a level 1 spell: Flame Tongue
 10544 | D:8      | Found Qanod's Antique Armour Emporium.
 10552 | D:8      | Bought a thick robe for 136 gold pieces
 10562 | D:8      | Identified the cursed +1 robe of the Crown {rF++} (You
                  | bought it in a shop on level 8 of the Dungeon)
 10617 | D:8      | Reached XP level 10. HP: 50/50 MP: 14/28
 10826 | D:8      | Got a steaming ring mail
 10841 | D:8      | Identified the +1 ring mail "Abatuxt" {rElec rPois rF+
                  | Regen+} (You found it on level 8 of the Dungeon)
 11006 | D:8      | Found a snail-covered altar of Cheibriados.
 11414 | D:9      | Noticed Maurice
 11583 | D:9      | Found a staircase to the Orcish Mines.
 11593 | Orc:1    | Entered Level 1 of the Orcish Mines
 11736 | D:9      | Noticed a two-headed ogre
 11750 | D:9      | Killed a two-headed ogre
 11750 | D:9      | Reached skill level 13 in Spellcasting
 11750 | D:9      | Reached skill level 1 in Translocations
 12315 | D:9      | Killed Maurice
 12392 | D:9      | Found a glowing silver altar of Zin.
 12474 | D:9      | Identified the +4 spear of the Mushroom {pain, *Contam +Fly
                  | Str+2}
 12542 | D:9      | Reached skill level 14 in Spellcasting
 12546 | D:9      | Offered knowledge of Freeze by Vehumet.
 12589 | D:9      | Learned a level 1 spell: Freeze
 12594 | D:9      | Reached skill level 1 in Fire Magic
 12762 | D:9      | Identified the +9 long sword of Tuys {slice, rF- Int+4}
 12791 | D:9      | Killed from afar by an orc priest

Skill      XL: |  1  2  3  4  5  6  7  8  9 10 |
---------------+-------------------------------+-----
Conjurations   | 5 6 7 8 9 11 12 | 12.4
Dodging        | 3 5 |  5.0
Stealth        | 3 4 5 |  5.1
Spellcasting   | 4 5 6 8 10 12 14 | 14.1
Hexes          | 1 2 |  2.1
Translocations | 1 |  1.1
Fire Magic     | 1 |  1.1
Ice Magic      | |  0.2
Evocations     | |  0.2

Action                   |  1- 3 |  4- 6 |  7- 9 | 10-12 || total
-------------------------+-------+-------+-------+-------++-------
Melee: Dagger            |    15 |     5 |    30 |       ||    50
 Cast: Magic Dart        |    57 |    94 |   211 |    32 ||   394
       Searing Ray       |     3 |     8 |    35 |     2 ||    48
       Iskenderun's Myst |       |    12 |    39 |    43 ||    94
       Fulminant Prism   |       |       |    10 |     1 ||    11
       Force Lance       |       |       |     8 |    13 ||    21
       Flame Tongue      |       |       |     4 |     8 ||    12
 Abil: Evoke Invisibilit |       |       |     2 |       ||     2
  Use: Scroll            |     3 |     5 |     5 |     1 ||    14
       Potion            |       |     2 |     1 |     1 ||     4
  Eat: Chunk             |     2 |     5 |    16 |     6 ||    29
       Ration            |       |     1 |     2 |       ||     3
Armor: Robe              |    13 |     5 |    26 |     3 ||    47
Dodge: Dodged            |    36 |    10 |    75 |    13 ||   134
